 Dungeon Crawl Stone Soup version 0.32-a0-995-gb4a59205af (console) character file.

Game seed: 2654369397092790228

60 petzl the Sneak (level 4, -1/35 HPs)
             Began as a Formicid Delver on Apr 22, 2024.
             Succumbed to an adder's poison
             ... on level 4 of the Dungeon.
             The game lasted 00:04:24 (912 turns).

petzl the Sneak (Formicid Delver)                    Turns: 912, Time: 00:04:24

Health: -1/35      AC:  3    Str: 14 (16) XL:     4   Next: 24%
Magic:  8/8        EV: 10    Int: 10 (12) God:
Gold:   39         SH:  0    Dex: 12 (15) Spells: 8/8 levels left

rFire   . . .        a - +0 quarterstaff
rCold   . . .        (no shield)
rNeg    . . .        b - +0 leather armour
rPois   .            (helmet unavailable)
rElec   .            (no cloak)
rCorr   .            (no gloves)
SInv    +            (no boots)
Will    .....        (no amulet)
Stlth   +++          (no ring)
HPRegen 0.25/turn    (no ring)
MPRegen 0.11/turn

%: no passive effects
@: brilliant, lethally poisoned (-1 -> -12)
A: permanent stasis, dig shafts and tunnels, antennae 3, four strong arms
a: Dig, Shaft Self


You were on level 4 of the Dungeon.
You visited 1 branch of the dungeon, and saw 3 of its levels.

You collected 39 gold pieces.

Inventory:

Hand Weapons
 a - a +0 quarterstaff (weapon)
 i - a +0 trident
 j - a +0 mace
Armour
 b - a +0 leather armour (worn)
Wands
 f - a wand of digging (3)
Scrolls
 c - a scroll of fog
 d - a scroll of revelation
 e - 3 scrolls of identify {unknown}
 h - a scroll of enchant armour {unknown}


   Skills:
 - Level 3.2 Fighting
 - Level 2.0(2.3) Maces & Flails
 + Level 1.6(2.1) Staves
 - Level 1.7 Dodging
 - Level 6.0 Stealth
 + Level 2.9 Spellcasting


You had 8 spell levels left.
You didn't know any spells.
Your spell library contained the following spells:

 Spells                   Type           Power      Damage    Failure   Level
 Leda's Liquefaction      Alch/Erth      1%         N/A       98%         4
 Petrify                  Alch/Erth      2%         N/A       98%         4
 Metabolic Englaciation   Hex/Ice        1%         N/A       100%        5


Dungeon Overview and Level Annotations

Branches:
Dungeon (6/15)
 Temple: D:4-7

Altars:
Gozag
Zin

Annotations:
D:4 exclusion: 2 sensed monsters (detected)
D:6 exclusions: 2 sensed monsters (detected) and 2 wights


Innate Abilities, Weirdness & Mutations

You cannot be hasted, slowed, berserked, paralysed or teleported.
You can dig through walls and to a lower floor.
You have a pair of large antennae on your head. (SInv)
Your four strong arms can wield two-handed weapons with a shield.


Message History

You miss the adder.
The adder is almost dead.
You feel sick. The adder bites you.
You are more poisoned.
The adder poisons you! The adder closely misses you.
You completely miss the adder.
The adder is almost dead.
You feel very sick. The adder bites you but does no damage.
The adder bites you.
You are more poisoned.
The adder poisons you!
You hit the adder but do no damage.
The adder is almost dead.
You feel very sick. The adder bites you.
You are lethally poisoned!
The adder poisons you!
You closely miss the adder.
The adder is severely wounded.
* * * LOW HITPOINT WARNING * * *
You feel very sick. The adder closely misses you.
The adder bites you but does no damage.
It was a potion of brilliance.
You feel clever all of a sudden.
* * * LOW HITPOINT WARNING * * *
You feel very sick. The adder bites you.
* * * LOW HITPOINT WARNING * * *
You are more poisoned.
The adder poisons you!
It was a potion of degeneration.
There was something very wrong with that liquid.
You feel weakened.
You feel dopey.
You feel clumsy.
* * * LOW HITPOINT WARNING * * *
You feel very sick. The adder barely misses you.
Unknown command.
You hit the adder.
The adder is almost dead.
You die...

########.... ...#....... #.#.#.....
#...#..... ......#####.... .....{
##... B## #####...... ##... ....
##### #.##...... #.... ..... #...##
#.##..... #.... ...##....# #.....##
#.... ####.......# #.....#
#######.#.. #..........###.....#
#.......###
.###..)..#........######..........
...................'.)..'..........
#.#.#...#.#..##....######......####
.. #...#.#........# ######## #. #
#...#...##...### ... ##'#########.#
..?. .........# #@# ##########.{..
.....###.# #S## #......... ... ...
#.###..# #......... #
#....#.####.........
####.#...##.........
#.##............. ..##.............
{ ####.....####'### { #.....#
##..### { ##.# ###


You could see an adder.

Vanquished Creatures
  A scorpion zombie (D:4)
  A hound skeleton (D:4)
  An adder (D:4)
  An adder skeleton (D:4)
  An adder zombie (D:4)
  An endoplasm (D:4)
  4 goblins (D:4)
10 creatures vanquished.

Notes
Turn   | Place    | Note
-------+----------+-------------------------------------------
     0 | D:5      | petzl the Formicid Delver began the quest for the Orb.
     0 | D:5      | Reached XP level 1. HP: 18/18 MP: 1/1
    50 | D:6      | Noticed a wight
    71 | D:6      | Noticed a wight
   117 | D:6      | Found a glowing silver altar of Zin.
   154 | D:6      | Noticed a hound
   286 | D:5      | Noticed an ice beast
   355 | D:5      | Found an opulent altar of Gozag.
   355 | D:5      | Noticed a hound
   465 | D:4      | Reached skill level 1 in Spellcasting
   465 | D:4      | Reached XP level 2. HP: 11/24 MP: 1/4
   589 | D:4      | Noticed a bombardier beetle
   645 | D:4      | Reached XP level 3. HP: 21/29 MP: 6/6
   658 | D:4      | Reached skill level 1 in Staves
   681 | D:4      | Noticed a phantom
   690 | D:4      | Reached XP level 4. HP: 7/35 MP: 6/8
   912 | D:4      | Succumbed to an adder's poison

Illustrated notes

Levels and vault maps discovered:
D:4:      layout_basic, serial_undead, serial_undead_b, serial_undead_a,
          serial_undead_a, serial_undead_b, chequers_serial_rivers_small_3,
          uniq_crazy_yiuf_cottage
D:5:      layout_loops_ring, mainiacjoe_overflow_surrounded_room,
          chequers_serial_rivers_room_a
D:6:      kennysheep_steamy, layout_basic, cheibrodos_worm_habitat,
          mainiacjoe_overflow_alcove_4

Skill      XL: |  1  2  3 |
---------------+----------+-----
Spellcasting   | 1 2 |  2.9
Staves         | 1 |  1.6
Fighting       | |  3.2
Maces & Flails | |  2.0
Dodging        | |  1.7
Stealth        | |  6.0

Action                     |  1- 3 |  4- 6 || total
---------------------------+-------+-------++-------
  Melee: Mace              |    30 |       ||    30
         Quarterstaff      |    26 |    22 ||    48
    Use: Scroll            |     1 |       ||     1
         Potion            |       |     2 ||     2
 Armour: Leather armour    |    46 |    20 ||    66
  Dodge: Dodged            |    30 |    10 ||    40

Table legend: (Time is in decaauts)
 A = Elapsed time spent in this place.
 B = Non-inter-level travel time spent in this place.
 C = Inter-level travel time spent in this place.
 D = Time resting spent in this place.
 E = Time spent auto-exploring this place.
 F = Levels seen in this place.
 G = Mean time per level.
                   A        B        C        D        E       F      G
               +--------+--------+--------+--------+--------+-----+--------+
         Total |    932 |    932 |      0 |    263 |    180 |   3 |  310.7 |
       Dungeon |    932 |    932 |      0 |    263 |    180 |   3 |  310.7 |
               +--------+--------+--------+--------+--------+-----+--------+

Top non-repeatable levels by time:
     D:4: 559 daAuts
     D:6: 221 daAuts
     D:5: 152 daAuts
